 Dungeon Crawl Stone Soup version 0.27.1-3-gb3d3a73c9e (webtiles) character file.

Game seed: 12466687336230830983

231 Urokeeper the Quickloader (level 6, 0/50 HPs)
             Began as a Gnoll Hunter on Oct 13, 2021.
             Slain by a kobold brigand (7 damage)
             ... in a sewer.
             The game lasted 00:07:24 (3340 turns).

Urokeeper the Quickloader (Gnoll Hunter)            Turns: 3340, Time: 00:07:26

Health: 0/50       AC:  4    Str: 12    XL:     6   Next: 3%
Magic:  8/8        EV: 13    Int: 10    God:
Gold:   76         SH:  0    Dex: 14    Spells: 8/8 levels left

rFire    . . .     SeeInvis .   i - +0 long sword
rCold    . . .     Faith    .   (no shield)
rNeg     . . .     Spirit   .   c - +0 leather armour
rPois    .         Reflect  .   g - +0 helmet
rElec    .         Harm     .   (no cloak)
rCorr    .         Rampage  .   (no gloves)
Will     .....                  (no boots)
Stlth    ++........             (no amulet)
HPRegen  0.16/turn              (no ring)
MPRegen  0.11/turn              (no ring)

@: brilliant, slowed, very slow
A: fangs 1, strong nose, distributed training
a: no special abilities


You were in a sewer.
You visited 1 branch of the dungeon, and saw 3 of its levels.
You also visited: Sewer.

You collected 76 gold pieces.

Inventory:

Hand Weapons
 a - a +1 hand crossbow
 b - a +0 short sword
 h - a +2 short sword of flaming
 i - a +0 long sword (weapon)
Missiles
 d - 7 bolts
Armour
 c - a +0 leather armour (worn)
 g - a +0 helmet (worn)
Jewellery
 e - a ring of wizardry
 j - a ring of ice
Potions
 f - a potion of cancellation
 l - a potion of brilliance


   Skills:
 + Level 4.9 Fighting
 + Level 1.7 Short Blades
 + Level 1.7 Long Blades
 + Level 1.7 Axes
 + Level 1.7 Maces & Flails
 + Level 1.7 Polearms
 + Level 1.7 Staves
 + Level 1.7 Slings
 + Level 1.7 Bows
 + Level 8.7 Crossbows
 + Level 1.7 Throwing
 + Level 1.7 Armour
 + Level 4.9 Dodging
 + Level 2.9 Stealth
 + Level 1.7 Shields
 + Level 1.7 Unarmed Combat
 + Level 1.7 Spellcasting
 + Level 1.3 Conjurations
 + Level 1.3 Hexes
 + Level 1.3 Summonings
 + Level 1.3 Necromancy
 + Level 1.3 Translocations
 + Level 1.3 Transmutations
 + Level 1.3 Fire Magic
 + Level 1.3 Ice Magic
 + Level 1.3 Air Magic
 + Level 1.3 Earth Magic
 + Level 1.3 Poison Magic
 + Level 2.0 Invocations
 + Level 1.7 Evocations


You had 8 spell levels left.
You didn't know any spells.
Your spell library contained the following spells:

 Spells                   Type           Power      Damage    Failure   Level
 Tukima's Dance           Hex            5%         N/A       56%         3
 Passage of Golubria      Tloc           N/A        N/A       93%         4
 Yara's Violent Unravell  Hex/Tmut       2%         3d3       100%        5


Dungeon Overview and Level Annotations

Branches:
Dungeon (3/15)              Sewer (1/1)

Altars:


Innate Abilities, Weirdness & Mutations

You have very sharp teeth.
Your uncanny sense of smell can sniff out nearby items.
Your experience applies equally to all skills.


Message History

You are poisoned.
You have difficulty breathing.
You feel yourself slow down.
You miss the kobold.
* * * LOW HITPOINT WARNING * * *
You feel very sick.
You closely miss the kobold brigand. Your bite misses the kobold brigand.
You feel very sick. The kobold brigand closely misses you.
You riposte.
You completely miss the kobold brigand. Your bite misses the kobold brigand.
The kobold brigand hits you with a +0 short sword.
* * * LOW HITPOINT WARNING * * *
You feel much better.
You feel sick. The kobold brigand misses you.
You riposte.
You hit the kobold brigand but do no damage.
It was a potion of brilliance.
You feel clever all of a sudden.
You feel sick.
The kobold brigand hits you with a +0 short sword.
The kobold hits you with a +0 short sword.
* * * LOW HITPOINT WARNING * * *
You closely miss the kobold.
You feel sick.
You are no longer poisoned.
The kobold brigand hits you with a +0 short sword.
* * * LOW HITPOINT WARNING * * *
The kobold barely misses you. The kobold brigand barely misses you.
You riposte.
You hit the kobold brigand.
The kobold brigand is lightly wounded.
The kobold closely misses you.
You riposte.
You barely miss the kobold. You hit the kobold brigand.
The kobold brigand is moderately wounded.
The kobold brigand closely misses you. The kobold barely misses you.
The kobold brigand hits you but does no damage.
The kobold hits you but does no damage.
You barely miss the kobold brigand.
The kobold brigand is moderately wounded.
The kobold brigand hits you with a +0 short sword.
* * * LOW HITPOINT WARNING * * *
The kobold hits you but does no damage.
The kobold brigand hits you with a +0 short sword!
You die...

≈≈≈≈≈≈≈≈ ≈≈≈ ≈≈≈
####### ### ###
#..#..# #[?#!!#
#.....# ≈# ?...!
##.).## #≈# ##...##
#.....# ≈#≈# #.)...#
#.....# #≈#≈##.....#
###'####≈#≈#≈###K###
#.)..≈≈≈≈≈≈≈≈≈.K@).#
#)...≈≈≈≈≈≈≈≈≈.....#
.....≈≈≈≈≈≈≈≈≈....##
.....≈≈≈≈≈≈≈≈#....#
#...≈≈≈≈≈≈≈≈##....#
#...≈≈≈≈≈≈≈≈#.....#
#...≈≈≈≈≈≈≈≈......#
....≈≈≈≈≈≈≈≈...†.##
......≈≈≈≈≈≈....##


You could see a kobold brigand and a kobold.

Vanquished Creatures
  A kobold brigand (Sewer)
  Robin (D:2)
  2 adders
  5 river rats (Sewer)
  A dart slug (D:1)
  An orc (D:3)
  13 ball pythons
  4 endoplasms
  2 giant cockroaches (D:1)
  7 hobgoblins
  4 jackals (D:2)
  3 bats
  4 frilled lizards
  15 goblins
  10 kobolds
  19 rats
92 creatures vanquished.

Vanquished Creatures (others)
  15 plants (D:2)
15 creatures vanquished.

Grand Total: 107 creatures vanquished

Notes
Turn   | Place    | Note
-------+----------+-------------------------------------------
     0 | D:1      | Urokeeper the Gnoll Hunter began the quest for the Orb.
     0 | D:1      | Reached XP level 1. HP: 20/20 MP: 1/1
    71 | D:1      | Reached XP level 2. HP: 25/26 MP: 2/2
   122 | D:1      | Found a faded altar of an unknown god.
   693 | D:1      | Reached XP level 3. HP: 31/31 MP: 3/3
  1059 | D:2      | Reached skill level 1 in Invocations
  1174 | D:2      | Noticed Robin
  1192 | D:2      | Reached skill level 1 in Short Blades
  1192 | D:2      | Reached skill level 1 in Long Blades
  1192 | D:2      | Reached skill level 1 in Axes
  1192 | D:2      | Reached skill level 1 in Maces & Flails
  1192 | D:2      | Reached skill level 1 in Polearms
  1192 | D:2      | Reached skill level 1 in Staves
  1192 | D:2      | Reached skill level 1 in Slings
  1192 | D:2      | Reached skill level 1 in Bows
  1192 | D:2      | Reached skill level 1 in Throwing
  1192 | D:2      | Reached skill level 1 in Armour
  1192 | D:2      | Reached skill level 1 in Shields
  1192 | D:2      | Reached skill level 1 in Unarmed Combat
  1192 | D:2      | Reached skill level 1 in Spellcasting
  1192 | D:2      | Reached skill level 1 in Evocations
  1228 | D:2      | Killed Robin
  1229 | D:2      | Reached XP level 4. HP: 15/38 MP: 5/5
  2312 | D:3      | Found a glowing drain.
  2323 | Sewer    | Entered a sewer
  2334 | Sewer    | Reached skill level 1 in Conjurations
  2334 | Sewer    | Reached skill level 1 in Hexes
  2334 | Sewer    | Reached skill level 1 in Summonings
  2334 | Sewer    | Reached skill level 1 in Necromancy
  2334 | Sewer    | Reached skill level 1 in Translocations
  2334 | Sewer    | Reached skill level 1 in Transmutations
  2334 | Sewer    | Reached skill level 1 in Fire Magic
  2334 | Sewer    | Reached skill level 1 in Ice Magic
  2334 | Sewer    | Reached skill level 1 in Air Magic
  2334 | Sewer    | Reached skill level 1 in Earth Magic
  2334 | Sewer    | Reached skill level 1 in Poison Magic
  2368 | Sewer    | Noticed a kobold brigand
  2400 | Sewer    | Killed a kobold brigand
  2401 | Sewer    | Reached XP level 5. HP: 41/43 MP: 5/7
  3166 | Sewer    | Reached XP level 6. HP: 34/50 MP: 8/8
  3340 | Sewer    | Slain by a kobold brigand

Illustrated notes

Levels and vault maps discovered:
D:1:      lemuel_arrival_muddy, layout_basic,
          shapermc_ecumenical_altar_totnotflames, minmay_stone_trees_small
D:2:      layout_basic, serial_aquarium, aquarium_bridge_square
          [aquarium_subvault_window, aquarium_subvault_bridge,
          aquarium_subvault_bridge, aquarium_subvault_bridge],
          aquarium_window_3, aquarium_window_fake, aquarium_window_fake,
          aquarium_view_2d, aquarium_balcony_1b, aquarium_pool_2, st_stairs_2,
          serial_bayou_lagoon_b, uniq_robin
D:3:      minmay_goblin_kobold_castle, layout_loops_cross,
          cheibrodos_sewer_entry_drain
Sewer:    sewer_minmay_treatment

Skill      XL: |  1  2  3  4  5 |
---------------+----------------+-----
Invocations    | 1 2 |  2.0
Short Blades   | 1 |  1.7
Long Blades    | 1 |  1.7
Axes           | 1 |  1.7
Maces & Flails | 1 |  1.7
Polearms       | 1 |  1.7
Staves         | 1 |  1.7
Slings         | 1 |  1.7
Bows           | 1 |  1.7
Throwing       | 1 |  1.7
Armour         | 1 |  1.7
Shields        | 1 |  1.7
Unarmed Combat | 1 |  1.7
Spellcasting   | 1 |  1.7
Evocations     | 1 |  1.7
Conjurations   | 1 |  1.3
Hexes          | 1 |  1.3
Summonings     | 1 |  1.3
Necromancy     | 1 |  1.3
Translocations | 1 |  1.3
Transmutations | 1 |  1.3
Fire Magic     | 1 |  1.3
Ice Magic      | 1 |  1.3
Air Magic      | 1 |  1.3
Earth Magic    | 1 |  1.3
Poison Magic   | 1 |  1.3
Fighting       | |  4.9
Crossbows      | |  8.7
Dodging        | |  4.9
Stealth        | |  2.9

Action                   |  1- 3 |  4- 6 || total
-------------------------+-------+-------++-------
Melee: Short sword       |    14 |       ||    14
       Bite              |     1 |    14 ||    15
       Long sword        |       |   127 ||   127
 Fire: Hand crossbow     |    60 |    38 ||    98
  Use: Potion            |     1 |     6 ||     7
       Scroll            |     1 |       ||     1
 Stab: Distracted        |       |     2 ||     2
       Sleeping          |       |     1 ||     1
Armor: Leather armour    |     8 |    33 ||    41
       Skin              |       |    56 ||    56
Dodge: Dodged            |    14 |    98 ||   112
       Rpst.: Long sword |       |    32 ||    32
